cohdb
Replays
Latest Replays
All Replays
Popular Replays
Top Player Replays
Match Explorer
How It Works
Community
CoH3 Stats
Reddit
Sign in to upload your games and track your stats! →
Sign in with Steam
Match 45270792
Unlisted
Match 45270792
Overview
Messages
Build Orders
End
Kradschützen Motorcycle Team
Panzergrenadier Squad
Panzergrenadier Squad
Construct Light Support Kompanie
Fire Support Elements
Panzergrenadier Squad
Flakvierling Half-track
Panzerjäger Mechanized Group
Panzergrenadier Squad
Vehicle Survival Package
Flakvierling Half-track
Combat Half-tracks
Construct Mechanized Kompanie
StuG III D Assault Gun
Selects Italian Infantry
Selects Defensive Operations
Selects Prepared Positions
Marder III Tank Destroyer
254 Reconnaissance Tractor
8 Rad Armored Car
Marder III Tank Destroyer
StuG III D Assault Gun
Selects Propaganda War
Propaganda War
Selects Guastatori Squad
Selects L6/40 Light Tank Combat Group
Emergency Repair Kits
Selects Towed Cannone da 105/28 Field Howitzer
8 Rad Armored Car
(502) Bad Gateway
kusi86
0
0
Comments
sign in to comment!
No comments posted yet!